 Dungeon Crawl Stone Soup version 0.31-a0-1469-gd420192249 (webtiles) character file.

Game seed: 4314096421488070169

154 SolCadguy the Slasher (level 5, -1/38 (42) HPs)
             Began as a Draconian Reaver on Dec 29, 2023.
             Succumbed to their own poison gas
             ... in a sewer.
             The game lasted 00:11:20 (3538 turns).

SolCadguy the Slasher (Draconian Reaver)            Turns: 3538, Time: 00:11:22

HP:   -1/38 (42)    AC:  9    Str: 14    XL:     5   Next: 13%
MP:   8/8           EV: 12    Int: 15    God:
Gold: 212           SH:  0    Dex: 15    Spells: 2/8 levels left

rFire   . . .        a - +0 falchion
rCold   . . .        (no shield)
rNeg    . . .        (body armour unavailable)
rPois   .            (helmet restricted)
rElec   .            (no cloak)
rCorr   .            n - +0 pair of gloves
SInv    .            e - +2 pair of boots of Wonder {Will- Dex+5}
Will    .....        (no amulet)
Stlth   +            (no ring)
HPRegen 0.26/turn    (no ring)
MPRegen 0.11/turn

%: no passive effects
@: lethally poisoned (-1 -> -33), on berserk cooldown, enlightened, flying,
slowed, drained, very slow
A: AC +5, unfitting armour, cold-blooded
a: no special abilities


You were in a sewer.
You visited 1 branch of the dungeon, and saw 4 of its levels.
You also visited: Sewer.

You collected 212 gold pieces.

Inventory:

Hand Weapons
 a - a +0 falchion (weapon)
 c - a +0 spear
 i - a +0 sling
Missiles
 g - 4 javelins (quivered)
 l - 14 stones
Armour
 e - the +2 pair of boots of Wonder (worn) {Will- Dex+5}
   (You found it on level 3 of the Dungeon)

   Dex+5:     It affects your dexterity (+5).
   Will-:     It decreases your willpower.
 n - a +0 pair of gloves (worn)
Scrolls
 b - 2 scrolls of acquirement {unknown}
 d - 3 scrolls of fog
 h - a scroll of vulnerability
Potions
 f - a potion of resistance
 j - a potion of heal wounds
 k - a potion of enlightenment


   Skills:
 - Level 2.3 Fighting
 + Level 5.3 Long Blades
 - Level 1.9 Dodging
 - Level 1.3 Unarmed Combat
 - Level 2.1 Spellcasting
 - Level 3.0 Conjurations


You had 2 spell levels left.
You knew the following spells:

 Your Spells              Type           Power      Damage    Failure   Level
a - Kiss of Death         Conj/Necr      24%        2d7       12%         1
b - Momentum Strike       Conj/Tloc      12%        3d8       19%         2
c - Hailstorm             Conj/Ice       6%         3d5       34%         3

Your spell library contained the following spells:

 Spells                   Type           Power      Damage    Failure   Level


Dungeon Overview and Level Annotations

Branches:
Dungeon (4/15)              Sewer (1/1)
 Temple: D:4-7

Altars:
The Shining One


Innate Abilities, Weirdness & Mutations

Your plain brown scales are hard. (AC +5)
You cannot fit into any form of body armour.
You are cold-blooded and may be slowed by cold attacks.


Message History

The kobold brigand throws a curare-tipped dart.
The curare-tipped dart hits you.
You are poisoned.
You have difficulty breathing.
You feel yourself slow down.
A kobold brigand comes into view.
It is wielding a +0 short sword and quivering poisoned darts.
It was a potion of heal wounds.
You feel much better.
You feel very sick.
The kobold brigand shouts!
The kobold brigand throws a curare-tipped dart.
The curare-tipped dart hits you.
You are more poisoned.
You have difficulty breathing.
You feel as though you will be slow longer.
It was a potion of enlightenment.
You feel very buoyant.
You fly up into the air.
You feel very sick.
The kobold brigand throws a curare-tipped dart.
The curare-tipped dart barely misses you.
It was a potion of berserk rage.
A red film seems to cover your vision as you go berserk!
You feel yourself moving faster!
You feel mighty!
You feel very sick.
The kobold throws a stone.
The stone closely misses you.
You feel a strong urge to attack something.
You are engulfed in poison gas.
You are more poisoned.
* * * LOW HITPOINT WARNING * * *
You feel very sick.
* * * LOW HITPOINT WARNING * * *
You feel very sick.
A jackal comes into view.
You feel your anger nearly subside.
You are engulfed in poison gas.
You are more poisoned.
* * * LOW HITPOINT WARNING * * *
You are no longer berserk.
You are exhausted.
You feel as though you will be slow longer.
You die...

#~# #~# #~# #~# #~# #~#
##°#########
#######°°☼.○☼○°°.#
####...~§~○○○§§§@~K☼#
≈≈≈~~~~≈○~○☼~~§≈☼☼KK#
≈≈≈≈≈≈≈≈☼≈°☼°§§≈○○○h(.h.
≈≈~~~~~~○~☼§○☼○§≈☼KK#...
####.....○°.°.~☼☼☼☼°# ..
###.###°§☼§°○~§☼°# # #∩#
############ ###


You could see 2 kobold brigands, 2 jackals and 3 kobolds.

Vanquished Creatures
  A river rat (Sewer)
  5 adders
  A worm (D:3)
  4 dart slugs
  4 ball pythons
  9 endoplasms
  4 giant cockroaches
  9 goblins
  9 hobgoblins
  2 jackals (D:1)
  4 quokkas
  12 bats
  5 frilled lizards (D:1)
  8 kobolds
  8 rats
85 creatures vanquished.

Notes
Turn   | Place    | Note
-------+----------+-------------------------------------------
     0 | D:1      | SolCadguy the Draconian Reaver began the quest for the Orb.
     0 | D:1      | Reached XP level 1. HP: 17/17 MP: 3/3
   200 | D:1      | Reached XP level 2. HP: 21/23 MP: 5/5
   271 | D:1      | Reached skill level 1 in Unarmed Combat
   279 | D:1      | Learned a level 2 spell: Momentum Strike
   408 | D:1      | Found a faded altar of an unknown god.
   593 | D:1      | Reached XP level 3. HP: 28/30 MP: 6/6
   888 | D:1      | Learned a level 3 spell: Hailstorm
  1157 | D:2      | Reached skill level 4 in Long Blades
  2055 | D:2      | Reached XP level 4. HP: 35/36 MP: 7/7
  2479 | D:3      | Reached skill level 5 in Long Blades
  2954 | D:3      | Found a glowing golden altar of the Shining One.
  3033 | D:3      | Identified the +2 pair of boots of Wonder {Will- Dex+5}
  3416 | D:4      | Found a glowing drain.
  3421 | D:4      | Reached XP level 5. HP: 37/37 MP: 1/8
  3441 | Sewer    | Entered a sewer
  3538 | Sewer    | Succumbed to their own poison gas

Illustrated notes

Levels and vault maps discovered:
D:1:      eino_arrival_cavern_e, layout_loops_ring,
          shapermc_ecumenical_altar_petra
D:2:      minmay_angry_zag, layout_basic, serial_co_window_serial,
          co_window_cross_1, co_window_of_opportunity_a, co_window_paths_b,
          co_window_corner_a, co_window_paths_b, co_window_paths_b,
          co_window_of_opportunity_a, co_window_of_opportunity_a,
          co_window_of_opportunity_a, co_window_of_opportunity_b,
          co_window_paths_c, co_window_broadway_c, co_window_of_opportunity_b,
          co_window_corner_cb, co_window_sun, chequers_mini_garden
D:3:      minmay_chambers_of_threes, layout_loops_ring, tso_oasis_becter,
          grunt_ministairs_14
D:4:      minmay_spotlight, layout_basic, portal_sewer_entry_f,
          chequers_serial_rivers_small_a, minmay_manual_moon, uniq_edmund
Sewer:    sewer_kobolds

Skill      XL: |  1  2  3  4 |
---------------+-------------+-----
Unarmed Combat | 1 |  1.3
Long Blades    | 4 5 |  5.3
Fighting       | |  2.3
Dodging        | |  1.9
Spellcasting   | |  2.1
Conjurations   | |  3.0

Action                     |  1- 3 |  4- 6 || total
---------------------------+-------+-------++-------
  Melee: Falchion          |   166 |    95 ||   261
         Tailslap          |    14 |    10 ||    24
         Punch             |     1 |     1 ||     2
   Fire: Sling             |     2 |       ||     2
  Throw: Javelin           |       |     7 ||     7
   Cast: Kiss of Death     |     2 |     1 ||     3
         Momentum Strike   |     1 |       ||     1
         Hailstorm         |       |     4 ||     4
    Use: Scroll            |       |     6 ||     6
         Potion            |       |     3 ||     3
   Stab: Sleeping          |     3 |     1 ||     4
 Armour: Skin              |   100 |    44 ||   144
  Dodge: Dodged            |   131 |    70 ||   201

Table legend: (Time is in decaauts)
 A = Elapsed time spent in this place.
 B = Non-inter-level travel time spent in this place.
 C = Inter-level travel time spent in this place.
 D = Time resting spent in this place.
 E = Time spent auto-exploring this place.
 F = Levels seen in this place.
 G = Mean time per level.
                   A        B        C        D        E       F      G
               +--------+--------+--------+--------+--------+-----+--------+
         Total |   3589 |   3398 |    191 |    327 |   2341 |   5 |  717.8 |
       Dungeon |   3472 |   3281 |    191 |    327 |   2290 |   4 |  868.0 |
         Sewer |    117 |    117 |      0 |      0 |     51 |   1 |  117.0 |
               +--------+--------+--------+--------+--------+-----+--------+

Top non-repeatable levels by time:
     D:2: 1264 daAuts
     D:3: 1247 daAuts
     D:1: 918 daAuts
   Sewer: 117 daAuts
     D:4: 42 daAuts
